Map: Oceanborn LE

Players

ByuN - Winner!

  • Race: Terran Terran
  • Spawn Location: 11:00

MaxPax

  • Race: Protoss Protoss
  • League: Master
  • Spawn Location: 5:00

VOD

Have the link to the VOD?

Description

Time

  • Played on: Dec. 11, 2023, 6:56 a.m.
  • Length: 15:58
Show
View Real Time Build Order
Export as new Build Order

ByuN Terran - Winner!

Build Orders: Banshee Rush 

Get SALT Encoding   

  12  0:00  SCV  
  13  0:12  SCV  
  14  0:17  Supply Depot  
  14  0:24  SCV  
  15  0:39  SCV  
  15  0:41  Barracks  
  16  0:45  Refinery  
  16  0:51  SCV  
  16  0:55  Refinery  
  17  1:03  SCV  
  18  1:15  SCV  
  19  1:30  Orbital Command, Reaper  
  20  1:35  Supply Depot  
  20  1:45  Factory  
  20  1:56  SCV  
  21  2:02  Barracks Reactor  
  21  2:09  SCV  
  22  2:21  SCV  
  23  2:23  Command Center  
  23  2:30  Starport  
  23  2:34  Widow Mine  
  25  2:38  SCV  
  25  2:41  Marine  
  28  2:46  Supply Depot  
  28  2:50  SCV  
  28  2:55  Widow Mine  
  30  2:59  Marine  
  31  3:07  SCV, Marine  
  33  3:15  Medivac  
  33  3:17  Factory Tech Lab  
  33  3:19  SCV  
  35  3:21  Marine  
  35  3:25  Marine  
  37  3:32  SCV  
  38  3:35  Orbital Command  
  39  3:43  Marine x2, Factory Tech Lab  
  39  3:44  SCV  
  41  3:51  Cloaking Field  
  41  3:53  Banshee  
  41  3:54  Orbital Command  
  44  4:00  SCV  
  44  4:02  Marine x2  
  47  4:07  Supply Depot  
  47  4:12  SCV  
  46  4:23  Siege Tank  
  46  4:24  SCV x2  
  51  4:33  Marine x2  
  51  4:35  Barracks  
  51  4:36  SCV  
  51  4:37  Banshee  
  57  4:41  SCV  
  57  4:44  Supply Depot  
  58  4:48  SCV  
  58  4:50  Bunker  
  59  4:53  SCV  
  60  5:00  SCV  
  60  5:06  SCV, Refinery, Siege Tank  
  65  5:08  Supply Depot  
  65  5:12  SCV  
  66  5:15  Marine x2  
  66  5:18  SCV  
  67  5:24  Supply Depot, SCV  
  67  5:27  Barracks  
  68  5:30  SCV  
  68  5:36  SCV  
  68  5:42  Siege Tank, Marine x3, SCV  
  73  5:43  Stimpack  
  73  5:48  Supply Depot, SCV  
  72  5:54  SCV  
  73  6:00  SCV  
  73  6:01  Marine  
  73  6:02  Marine x2  
  77  6:06  SCV  
  71  6:13  SCV  
  71  6:14  Siege Tank  
  70  6:18  SCV  
  70  6:19  Marine  
  70  6:20  Marine x2  
  70  6:21  Starport Reactor  
  70  6:25  SCV, Refinery  
  75  6:27  Engineering Bay  
  75  6:30  SCV  
  76  6:36  Marine  
  76  6:37  SCV, Barracks  
  76  6:38  Marine, Marauder  
  81  6:44  Command Center  
  81  6:50  Siege Tank  
  84  6:56  Supply Depot, Terran Infantry Weapons Level 1, SCV x2  
  84  7:00  Missile Turret  
  85  7:08  Marine  
  86  7:15  Supply Depot, SCV x2, Marine, Medivac  
  93  7:17  Marauder, Viking  
  95  7:25  Barracks  
  95  7:27  SCV x2, Barracks  
  97  7:33  Factory Reactor  
  97  7:34  Missile Turret  
  93  7:39  SCV x2  
  93  7:41  Marauder x2  
  93  7:42  Marine x2  
  101  7:47  Combat Shield, Concussive Shells  
  101  7:51  SCV  
  101  7:52  SCV  
  101  7:53  Medivac x2  
  104  8:01  Supply Depot  
  104  8:03  SCV  
  104  8:04  SCV  
  106  8:09  Marine  
  106  8:10  Marine, Marauder x2  
  112  8:15  Barracks Reactor  
  112  8:16  Barracks Tech Lab, SCV x2  
  114  8:23  Widow Mine  
  114  8:24  Supply Depot  
  116  8:30  Orbital Command  
  116  8:31  SCV x2  
  116  8:41  Marauder  
  116  8:42  Marine x2, Marauder x2  
  116  8:43  Widow Mine  
  116  8:44  Widow Mine  
  116  8:47  SCV x2, Ghost Academy  
  130  8:51  Refinery x2  
  130  8:52  Supply Depot  
  130  8:58  Marine x2  
  130  8:59  SCV x3  
  135  9:03  Marauder x2  
  135  9:06  Marine x2  
  141  9:13  Marine  
  142  9:21  Supply Depot  
  142  9:23  Supply Depot  
  140  9:24  Marauder x2  
  140  9:25  Marine x3  
  140  9:28  Widow Mine  
  140  9:30  Supply Depot  
  140  9:31  Supply Depot  
  149  9:42  Marine  
  149  9:43  Marine x3, Marauder, Widow Mine  
  149  9:45  SCV x3  
  155  9:46  Marauder x2  
  153  9:57  SCV x2  
  153  9:58  SCV  
  147  10:05  Ghost  
  147  10:06  Ghost x2  
  150  10:07  Marine x3  
  150  10:09  SCV x2  
  150  10:10  SCV  
  156  10:17  Medivac  
  156  10:18  Widow Mine  
  156  10:19  Medivac  
  158  10:21  SCV  
  158  10:22  SCV  
  161  10:29  Armory  
  161  10:32  Engineering Bay  
  160  10:38  Command Center  
  147  10:43  Marauder  
  147  10:45  Widow Mine  
  147  10:46  Widow Mine  
  147  10:47  Medivac  
  147  10:48  Medivac  
  155  10:56  Command Center, Armory  
  154  10:59  Supply Depot  
  154  11:04  SCV x3  
  156  11:10  Widow Mine x2  
  161  11:11  Ghost x2  
  161  11:14  Ghost  
  161  11:17  Viking  
  169  11:18  Viking  
  171  11:26  Marine x4  
  175  11:40  Marauder  
  175  11:41  Marauder  
  175  11:44  Marine x4, Marauder  
  175  11:45  Terran Infantry Armor Level 1  
  185  11:47  Terran Infantry Weapons Level 2  
  181  12:02  Marauder x2  
  181  12:05  Marauder  
  181  12:08  Marine x3  
  169  12:09  Widow Mine  
  169  12:10  Widow Mine  
  175  12:15  Barracks  
  175  12:17  Marine, Barracks  
  175  12:18  Barracks  
  176  12:23  Marauder x2  
  176  12:26  Marine x3, Marauder  
  167  12:41  Marine  
  167  12:42  Widow Mine x2  
  167  12:44  Marine  
  163  12:45  Marauder x2  
  163  12:46  Marine x2  
  163  12:48  Marauder  
  163  12:51  Planetary Fortress  
  167  12:52  SCV x2  
  167  12:53  SCV  
  170  13:04  SCV, Marine x4  
  170  13:05  Barracks Reactor  
  175  13:06  Barracks Tech Lab, Marauder x2  
  175  13:08  Barracks Tech Lab  
  175  13:09  Marauder  
  168  13:20  Medivac x2  
  168  13:24  Marine  
  168  13:25  Marine x2  
  175  13:27  Ghost, Marauder x2  
  175  13:28  Marauder  
  175  13:31  Missile Turret  
  183  13:47  Marauder  
  161  13:49  Marauder x3  
  161  13:50  Medivac x2  
  161  13:51  Widow Mine x2  
  161  13:52  Starport  
  171  14:06  Sensor Tower  
  171  14:09  Marine x2  
  172  14:10  Marine x4  
  181  14:20  Medivac x2  
  185  14:25  Ghost  
  185  14:26  Marauder x2  
  187  14:33  Missile Turret  
  187  14:35  Factory Reactor  
  183  14:40  Viking x2  
  187  14:50  Command Center, Viking x2  
  189  15:03  Ghost  
  191  15:10  Viking x2  
  195  15:16  Marauder  
  195  15:17  Marauder  
  199  15:25  Command Center  
  199  15:26  Command Center  
  197  15:36  Command Center  
Show
View Real Time Build Order
Export as new Build Order

MaxPax Protoss 

Build Orders: 1 Gate Expand, Blink Stalkers 

Get SALT Encoding   

  12  0:00  Probe  
  13  0:12  Probe  
  14  0:18  Pylon  
  14  0:24  Probe  
  15  0:36  Gateway  
  15  0:38  Probe (Chrono Boost)  
  16  0:48  Assimilator, Probe (Chrono Boost)  
  17  0:53  Probe (Chrono Boost)  
  18  1:04  Probe  
  19  1:17  Probe  
  20  1:25  Cybernetics Core  
  20  1:34  Nexus  
  20  1:40  Pylon  
  20  1:43  Probe  
  21  1:48  Assimilator  
  21  1:55  Probe  
  21  1:58  Adept (Chrono Boost)  
  22  2:02  Warp Gate  
  22  2:08  Probe  
  25  2:19  Adept (Chrono Boost)  
  25  2:20  Probe  
  28  2:28  Twilight Council  
  28  2:32  Probe  
  28  2:44  Stalker  
  28  2:47  Probe (Chrono Boost)  
  28  2:48  Probe (Chrono Boost)  
  32  2:56  Probe (Chrono Boost)  
  34  2:58  Probe (Chrono Boost)  
  34  3:01  Probe (Chrono Boost)  
  35  3:08  Probe  
  35  3:13  Blink (Chrono Boost)  
  35  3:18  Probe  
  36  3:21  Probe  
  36  3:26  Gateway  
  37  3:29  Robotics Facility  
  37  3:30  Probe  
  37  3:33  Probe  
  39  3:38  Gateway  
  39  3:42  Probe  
  39  3:45  Probe  
  41  3:48  Pylon  
  41  3:52  Stalker  
  41  3:54  Probe  
  44  3:58  Probe  
  44  4:02  Pylon  
  45  4:07  Probe  
  46  4:11  Probe  
  47  4:19  Probe  
  47  4:20  Stalker  
  47  4:23  Probe  
  49  4:24  Warp Prism (Chrono Boost)  
  50  4:36  Stalker x2  
  54  4:39  Probe  
  54  4:43  Stalker  
  57  4:47  Pylon  
  57  4:56  Observer  
  57  4:59  Nexus  
  57  5:15  Probe  
  57  5:16  Stalker x2  
  57  5:17  Stalker  
  64  5:22  Assimilator  
  64  5:23  Probe  
  65  5:29  Pylon  
  61  5:47  Probe  
  62  5:50  Stalker x3, Shield Battery  
  62  5:52  Probe  
  62  5:55  Observer  
  70  5:59  Probe  
  62  6:04  Probe  
  55  6:11  Probe (Chrono Boost)  
  55  6:14  Stalker x2  
  55  6:16  Probe (Chrono Boost)  
  60  6:22  Probe (Chrono Boost)  
  60  6:24  Probe (Chrono Boost)  
  61  6:28  Probe (Chrono Boost)  
  64  6:33  Probe (Chrono Boost)  
  64  6:34  Probe (Chrono Boost)  
  64  6:36  Probe (Chrono Boost)  
  65  6:41  Charge  
  65  6:42  Probe x2 (Chrono Boost)  
  65  6:46  Probe (Chrono Boost)  
  68  6:47  Probe (Chrono Boost)  
  68  6:49  Probe (Chrono Boost)  
  70  6:55  Probe  
  70  6:57  Forge, Probe  
  70  6:58  Pylon  
  70  7:01  Probe  
  73  7:07  Probe  
  74  7:09  Probe  
  74  7:10  Stalker x3  
  74  7:13  Probe  
  83  7:20  Gateway  
  83  7:21  Gateway  
  82  7:26  Protoss Ground Weapons Level 1 (Chrono Boost), Probe x2  
  84  7:32  Gateway  
  84  7:33  Gateway  
  84  7:35  Gateway  
  84  7:40  Immortal (Chrono Boost)  
  84  7:41  Shield Battery  
  84  7:42  Sentry  
  90  7:46  Probe  
  90  7:47  Probe  
  92  7:51  Zealot x2  
  96  8:02  Pylon  
  96  8:11  Pylon  
  96  8:12  Zealot x2  
  100  8:13  Pylon  
  100  8:15  Observer, Robotics Bay  
  100  8:17  Pylon  
  100  8:21  Immortal (Chrono Boost)  
  104  8:27  Probe  
  104  8:28  Assimilator  
  104  8:31  Pylon  
  105  8:34  Nexus  
  100  8:42  Zealot x6  
  100  8:44  Sentry  
  114  8:50  Zealot  
  114  8:55  Probe  
  117  8:56  Probe  
  117  8:59  Shield Battery, Probe, Colossus (Chrono Boost)  
  119  9:09  Probe  
  126  9:13  Extended Thermal Lance, Probe  
  127  9:17  Probe  
  127  9:21  Probe  
  129  9:24  Zealot x2  
  129  9:25  Zealot x4, Protoss Ground Armor Level 1 (Chrono Boost)  
  139  9:33  Probe  
  138  9:45  Zealot x5, Colossus (Chrono Boost)  
  125  10:03  Zealot x3  
  131  10:09  Zealot x4  
  131  10:10  Gateway  
  131  10:11  Gateway  
  139  10:14  Zealot  
  133  10:31  Pylon  
  133  10:33  Pylon  
  133  10:35  Nexus  
  121  10:47  Zealot x7, Sentry  
  121  10:48  Observer (Chrono Boost)  
  128  11:03  Probe  
  127  11:05  Colossus (Chrono Boost)  
  133  11:13  Nexus, Pylon  
  133  11:14  Pylon  
  130  11:25  Stalker x4  
  130  11:41  Zealot x3  
  130  11:42  Zealot x3  
  142  11:58  Zealot x4  
  148  12:05  Observer (Chrono Boost)  
  148  12:06  Zealot x5  
  141  12:18  Stalker x2  
  141  12:19  Stalker x2  
  141  12:21  Observer (Chrono Boost)  
  144  12:33  Zealot  
  144  12:34  Zealot x4  
  136  12:41  Zealot  
  136  12:42  Zealot x3  
  136  12:43  Probe  
  117  12:49  Probe  
  117  12:51  Observer, Probe x3  
  121  12:55  Probe  
  121  12:56  Zealot x3  
  127  13:01  Probe  
  127  13:03  Probe x3  
  131  13:07  Probe  
  131  13:11  Stalker x3  
  138  13:13  Probe  
  138  13:18  Colossus (Chrono Boost)  
  132  13:22  Probe  
  132  13:26  Stalker x2  
  138  13:38  Zealot x3  
  138  13:39  Zealot, Probe  
  139  13:51  Probe x3  
  139  13:52  Probe x2  
  144  13:57  Forge  
  144  14:00  Observer (Chrono Boost)  
  145  14:03  Probe x2  
  145  14:04  Probe  
  145  14:08  Probe x2  
  149  14:18  Probe x2  
  149  14:20  Probe  
  149  14:22  Stalker x4, Sentry  
  160  14:30  Probe, Colossus (Chrono Boost)  
  161  14:31  Probe  
  167  14:42  Probe x3  
  167  14:45  Probe x2  
  172  14:46  Robotics Facility  
  164  14:54  Probe  
  164  14:55  Zealot x5  
  171  15:00  Probe  
  171  15:05  Probe x2  
  176  15:07  Probe  
  173  15:31  Pylon  
  173  15:32  Pylon  
  173  15:42  Probe  
  154  15:43  Zealot  
  154  15:44  Zealot  
  154  15:46  Zealot x2  
  154  15:47  Zealot x5  
Tags
 
Composition
Blink Stalkers
League
Master
Matchup
PvT
Replay Pack
December 2023
Spawn Locations
Cross Positions
Strategy
Banshee Rush
Add a new tag
Caveats
  • Supply blocks, unpowered buildings, or Contaminate may cause inaccurate times.
  • Supply counts are checked every 10 seconds.